Cogmind - Beta 17.1 @@@ ROGUE MODE // 2026.09.04 @ 16:36:23 Player: Finn Result: Destroyed by X-57 Shotgunner with High-powered Shotgun Performance ------------- Evolutions (2) 1000 Regions Visited (3) 600 Robots Destroyed (65) 325 Value Destroyed (2005) 2005 Prototype IDs (1) 20 Alien Tech Used (0) 0 Bonus (0) 0 TOTAL SCORE: 3950 Bonus ------- None Cogmind --------- Core Integrity 0/550 Matter 151/300 Energy 99/100 System Corruption 0% Temperature Cool (0) Movement Core (100) Ox1 Location -8/Materials Parts ------- > --- POWER (1) -------- (None) > --- PROPULSION (3) --- (None) > --- UTILITY (4) ------ Small Storage Unit Signal Interpreter > --- WEAPON (3) ------- (None) > --- INVENTORY (8) ---- Wheel Structural Scanner Advanced Terrain Scan Processor Peak State ------------ > --- POWER ------------ Improved Ion Engine > --- PROPULSION ------- Wheel Wheel Compact Wheel > --- UTILITY ---------- Small Storage Unit Signal Interpreter Improved Terrain Scanner Utility Shielding > --- WEAPON ----------- Improved Assault Rifle High-powered Shotgun Maul > --- INVENTORY -------- Reinforced Ion Engine Compact Wheel Structural Scanner Visual Processing Unit Shield Generator Heavy Assault Rifle Grenade Launcher [Rating: 20] Favorites ----------- Power Improved Ion Engine Engine Improved Ion Engine Propulsion Aluminum Leg Leg Aluminum Leg Wheel Wheel Utility Small Storage Unit Device Improved Terrain Scanner Storage Small Storage Unit Processor Signal Interpreter Protection Utility Shielding Weapon Assault Rifle Energy Gun Particle Gun Ballistic Gun Assault Rifle Ballistic Cannon Improved Light Cannon Launcher Grenade Launcher Impact Weapon Maul Build | -11 -10 -9 -8 ------- Run | Yrd Mat Mat Mat Slots Evolved 4 | . . 2 2 Power . | . . . . Propulsion 1 | . . . 1 Utility 2 | . . 2 . Weapon 1 | . . . 1 Parts Attached 53 | 8 8 20 17 Power 7 | 1 1 2 3 Engine 7 | 1 1 2 3 Core . | . . . . Reactor . | . . . . Propulsion 19 | 4 2 6 7 Treads . | . . . . Leg 8 | . 2 . 6 Wheel 11 | 4 . 6 1 Hover . | . . . . Flight . | . . . . Utility 12 | 1 2 7 2 Device 5 | 1 1 2 1 Storage 1 | . 1 . . Processor 1 | . . 1 . Hackware . | . . . . Protection 5 | . . 4 1 Artifact . | . . . . Weapon 15 | 2 3 5 5 Energy Gun 3 | . 2 . 1 Energy Cannon . | . . . . Ballistic Gun 9 | 2 1 3 3 Ballistic Cannon 1 | . . 1 . Launcher 1 | . . 1 . Special Weapon . | . . . . Impact Weapon 1 | . . . 1 Slashing Weapon . | . . . . Piercing Weapon . | . . . . Special Melee Weapon . | . . . . Unidentified Prototypes 1 | . . 1 . Parts Lost 34 | . 7 7 20 Power 5 | . 1 1 3 Propulsion 12 | . 2 3 7 Utility 6 | . 2 1 3 Weapon 11 | . 2 2 7 Highest Loss Streak 7 | . 6 2 7 To Critical Strikes . | . . . . Average Backups 7 | 2 5 7 7 Power 1 | . . 1 . Propulsion 2 | . 2 2 2 Utility 2 | 1 1 1 2 Weapon 1 | . 1 2 1 Tool/Special . | . . . . Unused Backups 9 | 1 . 4 4 Power 3 | . . 3 . Propulsion 3 | 1 . 1 1 Utility 3 | . . . 3 Weapon . | . . . . Tool/Special . | . . . . Average Slot Usage (%) 94 | . 89 95 95 Engine 10 | . 12 10 8 Leg 15 | . 21 7 23 Wheel 7 | . 3 11 2 Device 9 | . 9 11 8 Storage 10 | . 12 11 9 Processor 4 | . . 2 9 Protection 12 | . . 19 9 Energy Gun 4 | . 11 2 3 Ballistic Gun 16 | . 16 13 20 Ballistic Cannon 2 | . . 4 . Peak Build Rating 20 | 8 10 18 20 Average Rating 14 | 5 8 13 19 On Entrance 8 | . 8 7 17 Avg Prop Armor Cover (%) 4 | . . 4 . Naked Turns . | . . . . Heaviest Build 29 | 8 16 29 24 Greatest Support 38 | 32 20 26 38 Greatest Overweight (x) 9 | . 2 9 1 Average Overweight (x) . | . . 1 . Largest Inventory Capacity 8 | 5 8 8 8 Average Capacity 7 | 5 7 8 8 Most Carried 8 | 5 8 8 8 Average Carried 7 | 3 5 7 7 Final Capacity 8 | 5 8 8 8 Final Carried 8 | 5 8 8 3 Class Distribution -------------------- 49% | Mutant 27% | Scavenger-Skirmisher 23% | Scavenger-Mutant Dominant Class ---------------- Scavenger-Mutant | -10/Materials Mutant | -9/Materials Scavenger-Skirmisher | -8/Materials Resources | -11 -10 -9 -8 ----------- Run | Yrd Mat Mat Mat Matter Collected 1743 | 304 83 903 453 Remotely . | . . . . Salvage Created 2142 | 134 286 1021 701 Parts 154 | 15 15 83 41 Haulers Intercepted . | . . . . Recyclers Shooed . | . . . . Parts Field Recycled . | . . . . Retrieved Matter . | . . . . Parts Self-Destructed . | . . . . Prevented . | . . . . Parts Restored . | . . . . Kills | -11 -10 -9 -8 ------- Run | Yrd Mat Mat Mat Combat Hostiles Destroyed 54 | . 7 29 18 Guns 38 | . 7 18 13 Cannons 7 | . . 7 . AOE 9 | . . 4 5 Classes Destroyed 9 | 2 1 6 . Worker 3 | . . 3 . Builder 2 | . . 1 1 Tunneler 3 | 3 . . . Recycler 1 | 1 . . . Watcher 2 | . . 2 . Swarmer 11 | . . 8 3 Grunt 32 | . 7 13 12 Brawler 2 | . . 2 . Sentry 9 | . . 6 3 Best Kill Streak 6 | 4 2 6 6 Combat Bots Only 5 | . 2 5 5 Max Kills in Single Turn 3 | 2 1 3 2 Gunslinging . | . . . . Exploded 2 | . . 2 1 Melee . | . . . . Uniques/NPCs Destroyed . | . . . . Combat | -11 -10 -9 -8 -------- Run | Yrd Mat Mat Mat Hostile Shots Fired 410 | . 72 141 197 Missed 120 | . 20 34 66 Hits 290 | . 52 107 131 Projectile 290 | . 52 107 131 Critical Strikes 7 | . . 2 5 Damage Taken 4092 | . 672 1335 2085 Core 947 | . 121 265 561 Absorbed by Shields 41 | . . . 41 Redirected to Shielding 137 | . . 21 116 Core Remaining (%) 61 | 100 51 33 . Volleys Fired 196 | 4 30 102 60 Largest 3 | 2 2 2 3 Hottest 102 | 40 85 98 102 Shots Fired 386 | 8 57 168 153 Gun 320 | 8 57 110 145 Cannon 44 | . . 44 . Launcher 22 | . . 14 8 Special . | . . . . Kinetic 301 | 8 43 125 125 Thermal 63 | . 14 29 20 Explosive 22 | . . 14 8 Electromagnetic . | . . . . Robot Hit Streak 19 | 3 5 19 9 Robot Miss Streak 7 | 1 5 4 7 Penetration Max . | . . . . Secondary Targets 6 | . 3 1 2 Max Gunslinging Chain 1 | . 1 1 1 Shots Hit Robots 206 | 5 33 89 79 Core Hits 113 | 4 15 50 44 Critical Kills . | . . . . Critical Parts Destroyed . | . . . . Critical Strikes . | . . . . Melee Attacks . | . . . . Impact . | . . . . Slashing . | . . . . Piercing . | . . . . Sneak Attacks . | . . . . Combat Hostiles . | . . . . Follow-up Attacks . | . . . . Damage Inflicted 4157 | 71 436 1707 1943 Guns 2675 | 71 436 972 1196 Cannons 430 | . . 430 . Explosions 1011 | . . 305 706 Melee . | . . . . Ramming 41 | . . . 41 Kinetic 2673 | 71 326 1241 1035 Thermal 432 | . 110 161 161 Explosive 1011 | . . 305 706 Electromagnetic . | . . . . Impact . | . . . . Slashing . | . . . . Piercing . | . . . . Highest Corruption . | . . . . Average Corruption . | . . . . Corruption Purged . | . . . . Corruption Blocked . | . . . . Overload Shots . | . . . . Overflow Damage 22 | . . . 22 Projectiles . | . . . . Explosions 22 | . . . 22 Melee . | . . . . Knockbacks 5 | . . 5 . Impact . | . . . . Kinetic 5 | . . 5 . Secondary . | . . . . Self-Inflicted Damage 121 | . . . 121 Shots 4 | . . . 4 Rammed . | . . . . Targets Rammed 12 | . . . 12 Kicked 12 | . . . 12 Crushed . | . . . . Highest Temperature 327 | 6 114 327 149 Average Temperature 79 | 6 27 107 46 Received Heat Transfer 1548 | . 351 507 690 Effects 4 | . . 4 . Interference 3 | . . 3 . Short Circuit 1 | . . 1 . Siege Activations . | . . . . Martial Activations . | . . . . Shielding Activations . | . . . . Robots Disrupted . | . . . . Combat Hostiles . | . . . . Robots Corrupted . | . . . . Combat Hostiles . | . . . . Parts Fried . | . . . . Impact Corruptions 1 | . . . 1 Robots Melted . | . . . . Combat Hostiles . | . . . . Parts Melted 1 | . 1 . . Heat Transferred 1073 | . 296 370 407 Parts Sabotaged . | . . . . Parts Stolen . | . . . . Parts Stripped . | . . . . Power Chain Reactions . | . . . . Alert | -11 -10 -9 -8 ------- Run | Yrd Mat Mat Mat Maximum Alert Level 1 | . . 1 1 Low Security (%) 89 | 100 100 83 92 Level 1 10 | . . 16 7 Level 2 . | . . . . Level 3 . | . . . . Level 4 . | . . . . Level 5 . | . . . . High Security . | . . . . Max Security . | . . . . Peak Influence 275 | 15 50 275 235 Initial . | . . . . Average 70 | 2 7 92 66 Influence Increases 1684 | 20 175 899 590 Destroy 0b10 Robot/C 1080 | . 140 580 360 Destroy 0b10 Robot/NC 55 | 20 . 30 5 Destroy Leader 264 | . 30 154 80 Successful Hack 45 | . 5 40 . Disable Machine 90 | . . . 90 Destroy Structure 75 | . . 35 40 Lose Combat Pursuer 75 | . . 60 15 Influence Decreases 1684 | 20 175 899 590 Time Decay 1061 | 20 135 596 310 Lost Part 230 | . 40 60 130 Purge Threat 393 | . . 243 150 Squads Dispatched 15 | . 3 6 6 Investigation 6 | . . 4 2 Extermination . | . . . . Reinforcement 9 | . 3 2 4 Assault . | . . . . Garrison . | . . . . Intercept . | . . . . Searches Triggered . | . . . . Construction Impeded . | . . . . Haulers Reinforced . | . . . . Active Scanning Responses . | . . . . Cargo Convoy Interrupts . | . . . . Stealth | -11 -10 -9 -8 --------- Run | Yrd Mat Mat Mat Distress Signals 6 | . . 4 2 Communications Jammed . | . . . . Distress Signals . | . . . . Times Spotted 93 | . 13 45 35 Peak Tracking Total 6 | . 4 6 4 Tactical Retreats 4 | . . 3 1 Traps | -11 -10 -9 -8 ------- Run | Yrd Mat Mat Mat Traps Triggered 5 | . 1 3 1 Indirectly . | . . . . Trap Hack Attempts . | . . . . Triggered . | . . . . Disarmed . | . . . . Reprogrammed . | . . . . Reused . | . . . . Traps Extracted . | . . . . Installed . | . . . . Triggered . | . . . . Machines | -11 -10 -9 -8 ---------- Run | Yrd Mat Mat Mat Machines Disabled 6 | . . . 6 Max in Single Turn 2 | . . . 2 Machines Repaired . | . . . . Machines Dismantled . | . . . . Machines Sabotaged . | . . . . Overloaded Fab Kills . | . . . . Hacking | -11 -10 -9 -8 --------- Run | Yrd Mat Mat Mat Machines Accessed 22 | . 3 11 8 Terminals 13 | . 1 7 5 Fabricators . | . . . . Repair Stations 2 | . . 1 1 Recycling Units 3 | . 2 1 . Scanalyzers 3 | . . 2 1 Garrison Access 1 | . . . 1 Total Hacks 37 | . 5 18 14 Successful 23 | . 4 14 5 Failed 13 | . 1 3 9 Catastrophic 3 | . . 1 2 Database Lockouts 1 | . . 1 . Manual . | . . . . Terminals 21 | . 2 10 9 Fabricators . | . . . . Repair Stations 3 | . . 2 1 Recycling Units 6 | . 3 3 . Scanalyzers 5 | . . 3 2 Garrison Access 2 | . . . 2 Terminal Hacks 16 | . 2 10 4 Record 1 | . . 1 . Robot Analysis 1 | . . 1 . Repair Station Index 1 | . . . 1 Alert Level 1 | . . 1 . Unreport Threat 3 | . . 2 1 Transport Status 1 | . 1 . . Hauler Manifests 2 | . 1 1 . Zone Layout 6 | . . 4 2 Fabricator Hacks . | . . . . Repair Station Hacks 1 | . . 1 . Scan Component 1 | . . 1 . Recycling Unit Hacks 3 | . 2 1 . Retrieve Components 3 | . 2 1 . Scanalyzer 3 | . . 2 1 Retrieve Study 3 | . . 2 1 Garrison Access Hacks . | . . . . Unauthorized Hacks . | . . . . Terminals . | . . . . Fabricators . | . . . . Repair Stations . | . . . . Recycling Units . | . . . . Scanalyzers . | . . . . Garrison Access . | . . . . Data Cores Recovered . | . . . . Used . | . . . . Hacking Detections 13 | . 1 6 6 Full Trace Events 2 | . . 1 1 Feedback Events . | . . . . Feedback Blocked . | . . . . Robot Schematics Acquired . | . . . . Robots Built . | . . . . Authchips . | . . . . Time . | . . . . Total Robot Build Rating . | . . . . Part Schematics Acquired . | . . . . Parts Built . | . . . . Authchips . | . . . . Time . | . . . . Total Part Build Rating . | . . . . Part Studies Acquired 3 | . . 2 1 Parts Repaired . | . . . . Time . | . . . . Parts Recycled . | . . . . Recycled Matter . | . . . . Retrieved Matter . | . . . . Retrieved Components 11 | . 2 9 . Parts Scanalyzed . | . . . . Part Schematics Acquired . | . . . . Parts Damaged . | . . . . Bothacking | -11 -10 -9 -8 ------------ Run | Yrd Mat Mat Mat Used RIF Installer . | . . . . Robots Hacked . | . . . . Non-combat . | . . . . Combat . | . . . . Robot Hacks Applied . | . . . . Relay Couplers Released . | . . . . Fabnet Peak Effective % . | . . . . Robots Rewired . | . . . . Allies Hacked . | . . . . Hacks Repelled . | . . . . Allies | -11 -10 -9 -8 -------- Run | Yrd Mat Mat Mat Total Allies . | . . . . Largest Group . | . . . . Highest-Rated Group . | . . . . Highest-Rated Ally . | . . . . Total Orders . | . . . . Ally Attacks . | . . . . Total Damage . | . . . . Kills . | . . . . Allies Corrupted . | . . . . Allies Melted . | . . . . Intel | -11 -10 -9 -8 ------- Run | Yrd Mat Mat Mat Active Infowar (turns) 4382 | 23 408 2233 1718 Terrain 4382 | 23 408 2233 1718 Robot Analysis Total 1 | . . 1 . Derelict Logs Recovered . | . . . . Drone Launches . | . . . . Drone Recoveries . | . . . . Exploration | -11 -10 -9 -8 ------------- Run | Yrd Mat Mat Mat Turns Passed 4998 | 88 627 2456 1827 Spaces Moved 2832 | 64 362 1508 898 Core 62 | 4 8 49 1 Treads . | . . . . Legs 1572 | . 295 466 811 Wheels 1198 | 60 59 993 86 Hover . | . . . . Flight . | . . . . Fastest Speed 50 | 50 80 80 80 Average Speed 116 | 90 114 123 107 Slowest Speed 500 | 100 150 500 175 Overloaded Moves . | . . . . Propulsion Burnouts . | . . . . Robots Hopped . | . . . . Potential Cave-ins 8 | . . 8 . Cave-ins Triggered . | . . . . Exploration Rate (%) 49 | 4 65 76 52 Regions Visited 3 Branch Regions . Pre-discovered Areas . | . . . . Known Exits Taken 1 | . . 1 . Unknown Exits Taken 2 | 1 1 . . Scrap Searched . | . . . . Spaces Dug . | . . . . Terrain Destroyed 147 | . . 110 37 Melee . | . . . . Projectile 1 | . . 1 . AOE 146 | . . 109 37 Terrain Rammed . | . . . . Walls Destroyed . | . . . . Machines Disabled . | . . . . Actions | -11 -10 -9 -8 --------- Run | Yrd Mat Mat Mat Total 4169 | 87 519 1932 1631 Wait 990 | . 108 268 614 Move 2829 | 63 361 1507 898 Hop . | . . . . Pick Up 46 | 10 11 15 10 Fast Attach 7 | 1 . 2 4 Attach 29 | 5 7 8 9 Detach . | . . . . Swap 35 | 2 1 18 14 Drop 25 | 2 1 12 10 Fire 196 | 4 30 102 60 Melee . | . . . . Ram . | . . . . Kick 12 | . . . 12 Crush . | . . . . Escape Stasis . | . . . . Rewire . | . . . . Trap . | . . . . Miscellaneous . | . . . . Route ------- -11/Scrapyard -10/Materials -9/Materials (discovered 3 exits: *Mat x2 / [*Min]) -8/Materials History --------- Turn | Location | Event 31 | -11/Scrapyard | Discovered new exit (range 14) 89 | -11/Scrapyard | Entered Materials 226 | -10/Materials | Lost 6 parts (1p2n1u2w) 520 | -10/Materials | Build established: Scavenger-Mutant 709 | -10/Materials | Discovered new exit (range 7) 716 | -10/Materials | Entered another Materials area 716 | -9/Materials | Evolved 2 slots: Utility x2 853 | -9/Materials | Build established: Mutant 869 | -9/Materials | Central database locked down 1762 | -9/Materials | Discovered new exit (range 9) 2118 | -9/Materials | Discovered new exit (range 11) 2280 | -9/Materials | Build established: Scavenger-Mutant 2390 | -9/Materials | Discovered new exit (range 15) 2653 | -9/Materials | Core integrity fell below 50% 2758 | -9/Materials | Build established: Mutant 3142 | -9/Materials | Identified exit to Materials 3172 | -9/Materials | Entered another Materials area 3172 | -8/Materials | Evolved 2 slots: Propulsion x1, Weapon x1 3515 | -8/Materials | Build established: Scavenger-Skirmisher 4684 | -8/Materials | Lost 3 parts (1n2w) 4888 | -8/Materials | Core integrity fell below 50% 4927 | -8/Materials | Lost 5 parts (1p2n1u1w) 4988 | -8/Materials | Core integrity fell below 20% 4999 | -8/Materials | Destroyed by X-57 Shotgunner with High-powered Shotgun Last Messages --------------- 04938_ Kicked O-16 Technician out of the way. 04941_ Kicked K-01 Serf out of the way. 04950_ Kicked A-02 Transporter. 04958_ ALERT: Suspicious intruders detected, dispatching Specialist reinforcements to area. 04979_ Kicked X-57 Shotgunner. 04981_ Kicked X-57 Shotgunner out of the way. 04982_ Beam Rifle destroyed. 04982_ Kicked X-57 Shotgunner out of the way. 04985_ Shield Generator destroyed. 04985_ Knocked back. 04987_ Carbon-fiber Leg destroyed. 04987_ Knocked back. 04989_ Aluminum Leg+ destroyed. 04989_ Knocked back. 04990_ Lgt. Deuterium Engine destroyed. 04996_ Imp. Utility Shielding destroyed. 04996_ Slug penetrates Y-45 Defender. 04999_ Imp. Aluminum Leg destroyed. Map ----- +----------------------------------------------------+ | | | | | | | ?????????????????????????????????????????????????? | | ?????????????????????????????????????????????????? | | ?????????????????????????????????????????????????? | | ?????????????????????????????????????????????????? | | ?????????????????????????????????????????????????? | | ?????????????????????????????????????????????????? | | ?????????????????????????????????????????????????? | | ?????????????????????????????????????????????????? | | ?????????????????????????????????????????????????? | | ?????????????????????????????????????????????????? | | ?????????????????????????????????????????????????? | | ?????????????????????????????????????????????????? | | ?????????????????????????????????????????????????? | | ?????????????????????????????????????????????????? | | ?????????????????????????????????????????????????? | | ???????????????????????????????######????????????? | | ??????????????????????????????##!!!!##???????????? | | ??????????????????????????????#! !#???????????# | | ??????????????????????????????# #????????? # | | ????????????????????????????????# %##??????? # | | ??????????????????####+########## ####### | | ?????????????????## x | | ?????????????????#; @ Y H | | ?????????????????## ka% x % | | ??????????????????# ########### # ##### | | ??????????????????# ????????????####### #??????+## | | ??????????????????????????????????????# #????????? | | ??????????????????????????????????????# #?????? ?? | | ??????????????????????????????????????# #???"????? | | ???????????????????????????????????#??# #????????? | | ????????????????????????????????????#?# #?# ?????? | | ??????????????????#????#??????????????# #?? ?????? | | ??????????????????????????????????????# ##? ???? ? | | ?????????????????????????????????#????# #????????? | | ???????????????????????????????##?????# #???##???? | | ?????????????#???????#??????????????### #????????? | | ?????????????????????????#??#??#??????# #??#??#?#? | | ????????????????????????????#??###??### ###??????? | | ???????????????????#?????????????#????# #T######## | | ???????????????#?????#??##?????#??????# # | | ?????#???#?#??#???#??##?????????#??#??########## # | | ????????????????????????????##????#??## # # | | ??????????????????#?????????########### """ # # | | ???????????????#?#???#???????# #?# "R" [# # | | ?????????????##???########???# """ #?# # # | | ??????????????????# ###?# """ ### !* # # | | ??#???##??#???????# = #???# """ ### # # | +----------------------------------------------------+ Best States ------------- Heat Dissipation 31 Energy Generation 14 Energy Capacity 265 Matter Stores 300 Matter Capacity 300 Sight Range 16 Terrain Scan Range 16 Terrain Scan Density 10 Armor Coverage 225 Utility Shielding 66 Evasion (%) 55 Item Schematics ----------------- None Robot Schematics ------------------ None Fabricated ------------ Nothing Repaired ---------- Nothing Studied --------- Aluminum Leg | -9/Materials | Hacked Assault Rifle | -9/Materials | Hacked Imp. Ion Engine | -8/Materials | Hacked Alien Tech Used ----------------- None Achievements -------------- None Challenges ------------ None Game ------ Seed AssembledSalvagingBeamcaster Manual? 0 Play Time 00:35:32 Cumulative 30.4 hours Start 2026.09.04 @ 16:03:12 End 2026.09.04 @ 16:36:23 Sessions 1 Manual Loads 0 Difficulty Rogue Special Mode None Game No. 73 Rogue 56 Adventurer 15 Explorer 2 Win Type - Total 0 Types 0/0/0/0/0/0/0/0/0/0 Lore% 25 Gallery% 24 Achievement% 21 Wizard Run 0 Options --------- Layout 1 ASCII 0 Keyboard 0 Movement Mouse Keybinds 0 Fullscreen 1 Font 24/Smallcaps Map View 50x35 Zoom Use 0% Tactical HUD 1 Map Filters NONE Filters NONE Steam 1 RUN: 3febc758-8158-46c5-b20b-ae9e62d6726b